 Dungeon Crawl Stone Soup version 0.26-a0-812-g31a745ddcd (webtiles) character file.

Game seed: 2928871584131259357

56 kae the Conjurer (level 3, -13/23 HPs)
             Began as an Octopode Conjurer on Nov 24, 2020.
             Was an Initiate of Vehumet.
             Engulfed by a cloud of flame (19 damage)
             ... on level 2 of the Dungeon.
             The game lasted 00:00:44 (2048 turns).

kae the Conjurer (Octopode Conjurer)                Turns: 2048, Time: 00:00:44

Health: -13/23     AC:  1    Str:  6    XL:     3   Next: 97%
Magic:  6/6        EV: 13    Int: 21    God:    Vehumet [......]
Gold:   120        SH:  0    Dex: 10    Spells: 5/6 levels left

rFire    . . .     SeeInvis .   (no weapon)
rCold    . . .     Faith    .   (no shield)
rNeg     . . .     Spirit   .   (helmet restricted)
rPois    .         Reflect  .   (no amulet)
rElec    .         Harm     .   (no ring)
rCorr    .         Rampage  .   (no ring)
MR       .....                  (no ring)
Stlth    +++.......             (no ring)
HPRegen  0.07/turn              (no ring)
MPRegen  0.10/turn              (no ring)
                                (no ring)
                                (no ring)

@: no status effects
A: almost no armour, stealthy swim, amphibious, 8 rings, constrict 8, camouflage
1, gelatinous body 1
a: Renounce Religion


You were on level 2 of the Dungeon.
You worshipped Vehumet.
Vehumet was noncommittal.
You visited 1 branch of the dungeon, and saw 2 of its levels.

You collected 120 gold pieces.

Inventory:

Jewellery
 h - an uncursed amulet of guardian spirit {unknown}
 i - an uncursed amulet of regeneration {unknown}
 l - an uncursed ring of flight {unknown}
Scrolls
 a - a scroll of identify {unknown}
 b - a scroll of random uselessness {unknown}
 c - 3 scrolls of magic mapping {unknown}
 e - a scroll of teleportation {unknown}
 g - a scroll of remove curse {unknown}
 k - 2 scrolls of enchant armour {unknown}
Potions
 d - a potion of resistance {unknown}
 f - a potion of lignification {unknown}
 j - a potion of haste {unknown}
 m - a potion of brilliance {unknown}
 n - a potion of flight {unknown}


   Skills:
 + Level 1.3 Fighting
 + Level 2.5 Dodging
 - Level 2.6 Stealth
 + Level 2.4 Spellcasting
 * Level 4.6 Conjurations


You had 5 spell levels left.
You knew the following spells:

 Your Spells              Type           Power        Failure   Level
a - Magic Dart            Conj           ###.         2%          1

Your spell library contained the following spells:

 Spells                   Type           Power        Failure   Level
 Searing Ray              Conj           ###...       3%          2
 Dazzling Flash           Conj/Hex       ##....       17%         3
 Fulminant Prism          Conj/Hex       ##........   50%         4
 Iskenderun's Mystic Bla  Conj/Tloc      ##......     50%         4


Dungeon Overview and Level Annotations

Branches:
Dungeon (2/15)

Altars:
Vehumet


Innate Abilities, Weirdness & Mutations

You cannot wear most types of armour.
You are very stealthy in the water. (Stealth+)
You are amphibious.
You can wear up to eight rings at the same time.
You can use your tentacles to constrict eight enemies at once.
Your skin changes colour to match your surroundings (Stealth+).
Your rubbery body absorbs attacks. (AC +1, EV +1)


Message History

Partly explored, can't reach some places.
Casting: Magic Dart (safe; 2% risk of failure)
Confirm with . or Enter, or press ? or * to list all spells.
You can't see any susceptible monsters within range! (Use Z to cast anyway.) Partly explored, can't reach some places.
Casting: Magic Dart (safe; 2% risk of failure)
Confirm with . or Enter, or press ? or * to list all spells.
You can't see any susceptible monsters within range! (Use Z to cast anyway.) Unknown command.
Really walk into a travel-excluded area?
Really walk into that cloud of flame?
You are engulfed in blazing flames.
Ouch! That really hurt!
* * * LOW HITPOINT WARNING * * *
There is a radiant altar of Vehumet here.
You curl up in front of the altar of Vehumet.
Vehumet welcomes you!
You are engulfed in blazing flames.
Ouch! That really hurt!
You die...

#### ####### ########
#... ......# #......#
#####.## #####.#
#...°..# #.......
###########
#..@§°.######.###.##
..##......##
#§§.§.....>##.#.....
#.#........#
#...§.####..........
#.#...##...# #######
#..#.##....
#.'..####..#########
#..#...<...
..#..####..'.......#
#..####..#.
#.#...##...#######.##
#........#.
#.#........# #..#
#.######.#.
#.##......##
##.###.#....#.#.


There were no monsters in sight!

Vanquished Creatures
  An adder (D:2)
  2 oozes (D:1)
  2 worms (D:2)
  A dart slug (D:1)
  A ball python (D:1)
  2 giant cockroaches
  3 goblins
  3 hobgoblins
  4 bats
  2 frilled lizards (D:1)
  5 kobolds
  7 rats
33 creatures vanquished.

Vanquished Creatures (others)
  A goblin (D:2)
1 creature vanquished.

Grand Total: 34 creatures vanquished

Notes
Turn   | Place    | Note
-------+----------+-------------------------------------------
     0 | D:1      | kae the Octopode Conjurer began the quest for the Orb.
     0 | D:1      | Reached XP level 1. HP: 11/11 MP: 3/3
   184 | D:1      | Reached XP level 2. HP: 5/18 MP: 0/5
   866 | D:1      | Reached XP level 3. HP: 22/22 MP: 3/6
   966 | D:1      | Reached skill level 1 in Fighting
  1991 | D:2      | Found a radiant altar of Vehumet.
  2048 | D:2      | Became a worshipper of Vehumet
  2048 | D:2      | Engulfed by a cloud of flame

Illustrated notes

Levels and vault maps discovered:
D:1:      dpeg_arrival_windows_large_door, layout_basic
D:2:      layout_basic, fiery_altar_vehumet, kennysheep_another_room

Skill      XL: |  1  2  3 |
---------------+----------+-----
Fighting       | 1 |  1.3
Dodging        | |  2.5
Stealth        | |  2.6
Spellcasting   | |  2.4
Conjurations   | |  4.6

Action                   || total
-------------------------++-------
Melee: Unarmed           ||     8
       Tentacles         ||     3
       Constrict         ||     1
 Cast: Magic Dart        ||    66
Armor: Skin              ||     1
Dodge: Dodged            ||     5

Table legend: (Time is in decaauts)
 A = Elapsed time spent in this place.
 B = Non-inter-level travel time spent in this place.
 C = Inter-level travel time spent in this place.
 D = Time resting spent in this place.
 E = Time spent auto-exploring this place.
 F = Levels seen in this place.
 G = Mean time per level.
                   A        B        C        D        E       F      G
               +--------+--------+--------+--------+--------+-----+--------+
         Total |   2047 |   2035 |     12 |      0 |   1903 |   2 | 1023.5 |
       Dungeon |   2047 |   2035 |     12 |      0 |   1903 |   2 | 1023.5 |
               +--------+--------+--------+--------+--------+-----+--------+

Top non-repeatable levels by time:
     D:1: 1179 daAuts
     D:2: 868 daAuts
